 Dungeon Crawl Stone Soup version 0.30.1-9-gdf580d7c3d (webtiles) character file.

Game seed: 14310881405199434275

2184 Amplified the Cruncher (level 9, -5/81 HPs)
             Began as a Minotaur Hexslinger on Oct 21, 2023.
             Slain by a steam dragon (7 damage)
             ... on level 7 of the Dungeon.
             The game lasted 00:08:12 (5802 turns).

Amplified the Cruncher (Minotaur Hexslinger)        Turns: 5802, Time: 00:08:12

Health: -5/81      AC:  5    Str: 20    XL:     9   Next: 11%
Magic:  9/9        EV: 12    Int: 10    God:
Gold:   259        SH:  0    Dex: 10    Spells: 8/10 levels left

rFire   . . .        p - +7 quarterstaff "Aruyxkaa" {heavy, rElec rC+}
rCold   + . .        (shield currently unavailable)
rNeg    . . .        c - +0 robe
rPois   .            (helmet restricted)
rElec   +            k - +0 cloak
rCorr   .            e - +0 pair of gloves
SInv    +            (no boots)
Will    .....        (no amulet)
Stlth   +            f - ring of see invisible
HPRegen 0.33/turn    (no ring)
MPRegen 0.11/turn

%: no passive effects
@: no status effects
A: horns 2, retaliatory headbutt
a: no special abilities


You were on level 7 of the Dungeon.
You visited 1 branch of the dungeon, and saw 7 of its levels.

You collected 466 gold pieces.
You spent 207 gold pieces at shops.

Inventory:

Hand Weapons
 a - a +1 sling
 i - a +1 dagger of venom
 p - the +7 quarterstaff "Aruyxkaa" (weapon) {heavy, rElec rC+}
   (You bought it in a shop on level 1 of the Dungeon)

   rC:        It protects you from cold.
   rElec:     It insulates you from electricity.
Missiles
 d - 8 poisoned darts (quivered)
Armour
 c - a +0 robe (worn)
 e - a +0 pair of gloves (worn)
 k - a +0 cloak (worn)
Jewellery
 f - a ring of see invisible (left hand)
Wands
 t - a wand of flame (8)
Scrolls
 b - 3 scrolls of poison
 g - a scroll of teleportation
 j - a scroll of identify
 m - 2 scrolls of blinking
 n - a scroll of brand weapon {unknown}
 o - a scroll of immolation {unknown}
 s - a scroll of summoning {unknown}
Potions
 h - a potion of brilliance
 l - a potion of attraction


   Skills:
 + Level 8.0 Fighting
 * Level 9.0 Staves
 - Level 2.1 Ranged Weapons
 + Level 7.8 Armour
 - Level 2.1 Dodging
 - Level 1.0 Spellcasting
 - Level 2.0 Hexes


You had 8 spell levels left.
You knew the following spells:

 Your Spells              Type           Power      Damage    Failure   Level
a - Slow                  Hex            16%        N/A       16%         1
b - Apportation           Tloc           0%         N/A       34%         1

Your spell library contained the following spells:

 Spells                   Type           Power      Damage    Failure   Level
 Necrotise                Necr           0%         1d4       34%         1
 Confusing Touch          Hex            4%         N/A       41%         3
 Tukima's Dance           Hex            4%         N/A       41%         3
 Inner Flame              Hex/Fire       2%         N/A       56%         3
 Portal Projectile        Hex/Tloc       4%         N/A       56%         3
 Summon Guardian Golem    Hex/Summ       2%         N/A       56%         3
 Vampiric Draining        Necr           0%         2d6       71%         3
 Cause Fear               Hex            2%         N/A       83%         4
 Agony                    Necr           0%         N/A       100%        5
 Alistair's Intoxication  Tmut/Pois      0%         N/A       100%        5
 Blade Hands              Tmut           0%         N/A       100%        5
 Orb of Destruction       Conj           0%         9d5       100%        7
 Spellforged Servitor     Conj/Summ      0%         N/A       100%        7


Dungeon Overview and Level Annotations

Branches:
Dungeon (7/15)             Temple (0/1) D:4

Altars:
Qazlal
The Shining One

Shops:
D:1 (

Annotations:
D:5 1 runed translucent door, kalagan's ghost, novice DECj


Innate Abilities, Weirdness & Mutations

You have a pair of horns on your head.
You reflexively headbutt those who attack you in melee.


Message History

The steam dragon hisses angrily.
The steam dragon breathes steam at you. The ball of steam hits you!
The steam dragon moves out of view.
You're standing in a cloud of steam!
You're standing in a cloud of steam!
You start resting.
A steam dragon is nearby!
The steam dragon breathes steam at you. The ball of steam hits you!!
You closely miss the steam dragon.
You are engulfed in a cloud of scalding steam.
The steam dragon bites you! The steam dragon claws you.
The steam dragon bites you but does no damage.
The steam dragon barely misses you.
You are too injured to fight recklessly!
Unknown command.
You bludgeon the steam dragon!! Your headbutt misses the steam dragon.
The steam dragon is severely wounded.
The steam dragon misses you. You furiously retaliate!
You headbutt the steam dragon, but do no damage.
The steam dragon closely misses you.
Okay, then.
You hit the steam dragon.
The steam dragon is almost dead.
The steam dragon misses you. The steam dragon claws you.
You hit the steam dragon but do no damage.
Your headbutt misses the steam dragon.
The steam dragon is almost dead.
The steam dragon breathes steam at you. The ball of steam hits you!!
* * * LOW HITPOINT WARNING * * *
The steam dragon barely misses you. The steam dragon claws you.
* * * LOW HITPOINT WARNING * * *
The steam dragon bites you!
* * * LOW HITPOINT WARNING * * *
The steam dragon closely misses you.
You hit the steam dragon but do no damage.
The steam dragon is almost dead.
The steam dragon bites you!
You die...

.. ....#####
.......D###
.D...##§@.###
... #§.§...###
.
##§.§.....###.
#.§§..........
##.§........#
#..§..#...).#
#..§.§.)...##
#...........#
###........##


You could see a steam dragon (catching breath).

Vanquished Creatures
  A two-headed ogre (D:5)
  A steam dragon (D:5)
  A sky beast (D:4)
  2 black bears
  4 ogres
  A centaur (D:5)
  A phantom (D:5)
  A bullfrog (D:5)
  A scorpion (D:3)
  A howler monkey (D:5)
  3 hounds (D:5)
  An orc priest (D:3)
  A gnoll bouda (D:5)
  An iguana (D:4)
  3 sleepcaps
  2 orc wizards
  5 gnolls
  8 adders
  An ufetubus (D:5)
  A worm (D:2)
  7 dart slugs
  18 orcs
  4 endoplasms
  2 giant cockroaches
  10 goblins
  7 hobgoblins
  3 quokkas
  5 ball pythons
  4 bats (D:1)
  5 frilled lizards
  7 kobolds
  3 rats
115 creatures vanquished.

Notes
Turn   | Place    | Note
-------+----------+-------------------------------------------
     0 | D:1      | Amplified the Minotaur Hexslinger began the quest for the
                  | Orb.
     0 | D:1      | Reached XP level 1. HP: 16/16 MP: 1/1
    88 | D:1      | Reached skill level 1 in Armour
   107 | D:1      | Found Toecawk's Antique Weapon Emporium.
   184 | D:1      | Reached XP level 2. HP: 13/24 MP: 0/2
   578 | D:1      | Reached XP level 3. HP: 30/30 MP: 3/3
  1168 | D:2      | Reached XP level 4. HP: 38/38 MP: 2/4
  1256 | D:2      | Learned a level 1 spell: Apportation
  1574 | D:3      | Found a faded altar of an unknown god.
  2136 | D:3      | Reached XP level 5. HP: 42/46 MP: 5/5
  2221 | D:3      | Found a glowing golden altar of the Shining One.
  2230 | D:3      | Found a stormy altar of Qazlal.
  2599 | D:1      | Bought an iridescent quarterstaff for 207 gold pieces
  2599 | D:1      | Identified the +7 quarterstaff "Aruyxkaa" {heavy, rElec
                  | rC+} (You bought it in a shop on level 1 of the Dungeon)
  2680 | D:4      | Noticed a sky beast
  2680 | D:4      | Noticed a black bear
  2680 | D:4      | Found a staircase to the Ecumenical Temple.
  2816 | D:4      | Killed a black bear
  2817 | D:4      | Reached skill level 5 in Fighting
  2817 | D:4      | Reached skill level 1 in Staves
  2817 | D:4      | Reached XP level 6. HP: 56/56 MP: 6/6
  2840 | D:4      | Reached skill level 2 in Staves
  2863 | D:4      | Reached skill level 3 in Staves
  2863 | D:4      | Reached skill level 5 in Armour
  3219 | D:4      | Killed a sky beast
  3311 | D:4      | Reached XP level 7. HP: 58/61 MP: 7/7
  3599 | D:5      | Entered Level 5 of the Dungeon
  3610 | D:5      | Noticed a two-headed ogre
  3618 | D:5      | Noticed a steam dragon
  3628 | D:5      | Reached skill level 4 in Staves
  4069 | D:5      | Found a runed translucent door.
  4071 | D:5      | Noticed kalagan's ghost (novice DECj)
  4143 | D:5      | Reached skill level 5 in Staves
  4492 | D:5      | Killed a two-headed ogre
  4493 | D:5      | Reached skill level 7 in Staves
  4493 | D:5      | Reached XP level 8. HP: 73/73 MP: 8/8
  4852 | D:5      | Reached skill level 8 in Staves
  5235 | D:5      | Reached XP level 9. HP: 41/81 MP: 9/9
  5718 | D:7      | Reached skill level 9 in Staves
  5801 | D:7      | HP: 1/81 [steam dragon (7)]
  5802 | D:7      | Slain by a steam dragon

Illustrated notes

Levels and vault maps discovered:
D:1:      lemuel_arrival_hallway, layout_rooms, serial_shops,
          nicolae_shop_statue_plus, minmay_crystal_water, corexii_corridor_pit,
          minmay_misc_feat_iff, serial_bayou_lagoon_b
D:2:      layout_basic
D:3:      layout_loops_ring, mainiacjoe_overflow_swirl, basic_ecumenical_altar,
          kennysheep_small_spiral
D:4:      wander_river, layout_basic, minmay_temple_entry_mist
D:5:      layout_cave_pods, gammafunk_ghost_grave, grunt_tough_drop
D:6:      layout_basic, nemelex_spade_bored_becter
D:7:      minmay_skewed_foursquare, layout_layer_cave,
          minmay_increasing_density, uniq_prince_ribbit1

Skill      XL: |  1  2  3  4  5  6  7  8  9 |
---------------+----------------------------+-----
Armour         | 1 2 3 4 5 7 |  7.8
Fighting       | 2 3 4 5 7 8 |  8.0
Staves         | 1 3 7 8 9 |  9.0
Ranged Weapons | |  2.1
Dodging        | |  2.1
Spellcasting   | |  1.0
Hexes          | |  2.0

Action                     |  1- 3 |  4- 6 |  7- 9 || total
---------------------------+-------+-------+-------++-------
  Melee: Dagger            |       |    56 |       ||    56
         Headbutt          |       |    15 |    16 ||    31
         Quarterstaff      |       |    17 |    81 ||    98
   Fire: Sling             |   121 |     9 |       ||   130
  Throw: Dart              |     4 |     6 |       ||    10
   Cast: Slow              |     8 |     1 |       ||     9
  Evoke: Wand              |       |       |    12 ||    12
    Use: Potion            |     1 |     2 |     4 ||     7
         Scroll            |     2 |     1 |     6 ||     9
   Stab: Sleeping          |       |     1 |       ||     1
         Paralysed         |       |       |     8 ||     8
 Armour: Robe              |    21 |    12 |    23 ||    56
  Dodge: Dodged            |    36 |    39 |    87 ||   162
